[Event "Early-Titled-Tuesday-Blitz-October-10-2023"]
[Site "Chess.com"]
[Date "2023.10.10"]
[Round "1"]
[White "almaguerjm"]
[Black "Krakozia"]
[Result "0-1"]
[WhiteElo "2513"]
[BlackElo "3015"]
[TimeControl "180+1"]
[EndTime "8:06:44 PDT"]
[Termination "Krakozia won by checkmate"]

1. e4 c5 2. Nf3 e6 3. d4 cxd4 4.
Nxd4 a6 5. c4 Nf6 6. Bd3 Nc6 7.
Nxc6 dxc6 8. O-O e5 9. Qc2 Bc5 10. Nd2 a5 11. Nb3 Be7 12. Be3 Ng4 13. Bc5 a4 14. Bxe7 Qxe7 15. Nd2 Qc5 16. b3 O-O 17. Rab1 Rd8 18. Nf3 axb3 19. axb3 Ra3 20. Rfd1 Be6 21. h3 Nf6 22. Qb2 Qb4 23. Nxe5 h6 24. Qc2 Rda8 25. Nf3 Nd7 26. Qd2 Qxd2 27. Rxd2 Nc5 28.
Bc2 Na6 29. e5 Nb4 30. Be4 Ra2 31. Rdd1 Re8 32. Nd4 Bc8 33. f4 g5 34. g3 gxf4 35.
gxf4 Kh8 36. Bg2 Rg8 37. f5 Rgxg2+ 38. Kf1 Raf2+ 39. Ke1 Bxf5 40. Nxf5 Nc2# 0-1

[Event "Early-Titled-Tuesday-Blitz-October-10-2023"]
[Site "Chess.com"]
[Date "2023.10.10"]
[Round "1"]
[White "stasOR4ik"]
[Black "Alonmindlin"]
[Result "1-0"]
[WhiteElo "2435"]
[BlackElo "2710"]
[TimeControl "180+1"]
[EndTime "8:06:44 PDT"]
[Termination "stasOR4ik won by resignation"]

1. e4 e5 2. Nf3 Nc6 3. Bb5 a6 4. Ba4 Nf6 5. O-O Be7 6. Re1 b5 7. Bb3 d6 8. c3 O-O 9. a4 b4 10. d4 Rb8 11. dxe5 Nxe5 12. Nxe5 dxe5 13. cxb4 Qxd1 14.
Rxd1 Rxb4 15. Bd5 Nxe4 16. Nc3 Nf6 17. b3 Bc5 18. Ba3 Bg4 19. Bf3 Bxf3 20. gxf3 Rxb3 21. Bxc5 Rxc3 22. Bxf8 Kxf8 23. Rdc1 Rxf3 24. Rxc7 g6 25. Rb1 Nd5 26. Rc6 Ra3 27. Rxa6 Nf4 28. Ra8+ Kg7 29. a5 h5 30. h4 Ne2+ 31. Kh2 Nf4 32. a6 Ra2 33. Kg3 Ra3+ 34. f3 Ne2+ 35. Kf2 Nd4 36. a7 Rxf3+ 37. Kg2 Ra3 38. Rb7 Ra2+ 39. Kf1 Ra1+ 40. Kf2 Ra2+ 41. Ke1 Ra1+ 42. Kd2 Ra2+ 43. Kc1 Nc6 44. Rc7 Ra1+ 45. Kb2 Ra6 46. Rxc6 Rxc6 47.
Rg8+ Kf6 48. a8=Q Re6 49. Qd8+ Kf5 50. Rf8 f6 51. Qd7 e4 52. Re8 Kg4 53. Qxe6+ 1-0

[Event "Early-Titled-Tuesday-Blitz-October-10-2023"]
[Site "Chess.com"]
[Date "2023.10.10"]
[Round "1"]
[White "Hooded_Old_Man"]
[Black "viktorskliarov"]
[Result "0-1"]
[WhiteElo "2364"]
[BlackElo "2649"]
[TimeControl "180+1"]
[EndTime "8:06:44 PDT"]
[Termination "viktorskliarov won by resignation"]

1. d4 Nf6 2. c4 e6 3. Nf3 c5 4. d5 exd5 5. cxd5 d6 6. Nc3 g6 7. h3 Bg7 8. e4 O-O 9. Bd3 a6 10. O-O b5 11. Re1 Nbd7 12. Bf4 Qb6 13. Qd2 Re8 14. Rad1 Bb7 15. Bc2 Nh5 16. Bh2 c4 17. a3 a5 18. g4 Nhf6 19. e5 dxe5 20. Nxe5 b4 21. Na4 Qb5 22. Nxd7 Nxd7 23. Rxe8+ Rxe8 24.
axb4 axb4 25. b3 c3 26. Qd3 Qxd3 27. Rxd3 Re2 28. Bd1 c2 29. Bxc2 Rxc2 30. Bd6 h5 31. gxh5 gxh5 32. Bxb4 Ne5 33. Rg3 Bxd5 34. Nc5 Rc1+ 0-1

[Event "Early-Titled-Tuesday-Blitz-October-10-2023"]
[Site "Chess.com"]
[Date "2023.10.10"]
[Round "1"]
[White "Druid24"]
[Black "AsaHoffmann"]
[Result "1-0"]
[WhiteElo "2708"]
[BlackElo "2399"]
[TimeControl "180+1"]
[EndTime "8:06:45 PDT"]
[Termination "Druid24 won by resignation"]

1. e4 d6 2. d4 Nf6 3. Nc3 c6 4. Nf3 Bg4 5. h3 Bh5 6. Be2 e6 7. O-O d5 8. e5 Nfd7 9. Be3 c5 10. Nb5 cxd4 11. Nbxd4 Nc6 12. c4 Bxf3 13. Nxf3 dxc4 14. Bxc4 Ndxe5 15. Nxe5 Nxe5 16. Qa4+ Nc6 17. Bb5 Rc8 18.
Rfd1 Qc7 19. Qxa7 Be7 20. Qb6 Qxb6 21. Bxb6 O-O 22. Rd7 Bf6 23. Rb1 Rb8 24. a4 Rfc8 25. a5 Bd8 26. Bxc6 bxc6 27. Bxd8 Rxd8 28. Rxd8+ Rxd8 29. Rc1 Kf8 30. Rxc6 Rd1+ 31. Kh2 Rb1 32. a6 Ra1 33. b4 Ke7 34. b5 Kd7 35. Rb6 Kc7 36. Rb7+ Kc8 37. Rxf7 Ra5 38. a7 1-0

[Event "Early-Titled-Tuesday-Blitz-October-10-2023"]
[Site "Chess.com"]
[Date "2023.10.10"]
[Round "1"]
[White "combidharma"]
[Black "HanSchut"]
[Result "1-0"]
[WhiteElo "2635"]
[BlackElo "2341"]
[TimeControl "180+1"]
[EndTime "8:06:45 PDT"]
[Termination "combidharma won by checkmate"]

1. d4 Nf6 2. c4 g6 3. g3 Bg7 4. Bg2 d5 5. Nc3 dxc4 6. e4 O-O 7. Nge2 c5 8. O-O cxd4 9. Nxd4 a6 10. e5 Ng4 11. f4 Qb6 12. Nd5 Qc5 13. h3 e6 14. b4 cxb3 15. axb3 exd5 16. Ba3 Qb6 17. hxg4 Nc6 18. Bb2 Rd8 19. Bf3 Bf8 20. Kg2 Nxd4 21. Bxd4 Bc5 22. Bb2 d4 23. Be4 Be6 24. f5 Bxb3 25.
Qf3 Bd5 26. Bxd5 Rxd5 27. Qxd5 Qxb2+ 28. Rf2 Qxa1 29. fxg6 Rf8 30. gxf7+ Kg7 31. Qe6 d3 32. Qf6# 1-0

[Event "Early-Titled-Tuesday-Blitz-October-10-2023"]
[Site "Chess.com"]
[Date "2023.10.10"]
[Round "1"]
[White "chessculator16"]
[Black "Sanyura"]
[Result "1/2-1/2"]
[WhiteElo "2302"]
[BlackElo "2598"]
[TimeControl "180+1"]
[EndTime "8:06:45 PDT"]
[Termination "Game drawn - insufficient material"]

1. d4 Nf6 2. c4 g6 3. Nc3 Bg7 4. e4 d6 5. Be2 O-O 6. Nf3 e5 7. dxe5 dxe5 8. Qxd8 Rxd8 9. Bg5 c6 10. Nxe5 Re8 11.
O-O-O h6 12. Bf4 Na6 13. Rhe1 Nxe4 14. Nxe4 Bxe5 15. Bxe5 Rxe5 16. Rd8+ Kg7 17. Nd6 Nc5 18. Nxc8 Rg5 19. Bf3 Ne6 20. Re8 Nc7 21. Nd6 Nxe8 22.
Nxe8+ Kf8 23. Nf6 Kg7 24. Ne4 Re5 25. Rd1 Re7 26. c5 Rae8 27. Nd6 Rb8 28. b4 a5 29. a3 h5 30. Nc4 axb4 31. axb4 Ra8 32. Kb2 h4 33. h3 f5 34. Nd6 Kf6 35. b5 cxb5 36. Bxb7 Ra4 37. c6 g5 38. Kb3 g4 39.
Nxb5 Ra5 40. Kb4 Ra2 41. c7 Rb2+ 42. Ka5 Rxb5+ 43. Kxb5 Rxc7 44. Kb6 Rc2 45. hxg4 fxg4 46. Rf1 Kg5 47. Be4 Re2 48. Bd3 Rd2 49. Bc4 g3 50.
f4+ Kf6 51. Rh1 Rd4 52. Kc5 Rxf4 53. Bd5 Ke5 54. Re1+ Kf5 55. Kd6 h3 56. gxh3 Rf2 57. Rg1 Kf4 58. h4 Kg4 59. Rh1 Rh2 60. Rxh2 gxh2 61.
Ke5 Kxh4 62. Kf4 h1=Q 63. Bxh1 1/2-1/2

[Event "Early-Titled-Tuesday-Blitz-October-10-2023"]
[Site "Chess.com"]
[Date "2023.10.10"]
[Round "1"]
[White "abc_xyz4744"]
[Black "Byniolus"]
[Result "0-1"]
[WhiteElo "2403"]
[BlackElo "2712"]
[TimeControl "180+1"]
[EndTime "8:06:46 PDT"]
[Termination "Byniolus won by checkmate"]

1. e4 d6 2. d4 Nf6 3. Nc3 c6 4. Nf3 Bg4 5. Bc4 e6 6. Bb3 d5 7. e5 Nfd7 8. h3 Bh5 9. Be3 c5 10. dxc5 Nc6 11. g4 Bg6 12. Ba4 Bxc5 13. Bxc6 bxc6 14. Nd4 Rc8 15. f4 h6 16. Qe2 Bh7 17. O-O-O Bb4 18. f5 Nc5 19. Nb1 Ne4 20. fxe6 O-O 21. exf7+ Rxf7 22. Qa6 Qe8 23. e6 Rf8 24. Qxa7 c5 25. Nf5 Bxf5 26. gxf5 Rxf5 27. Rhg1 g5 28. a3 d4 29. Bxg5 hxg5 30. axb4 cxb4 31. Qxd4 Qxe6 32. Rge1 Nc5 33. Rxe6 Nb3# 0-1

[Event "Early-Titled-Tuesday-Blitz-October-10-2023"]
[Site "Chess.com"]
[Date "2023.10.10"]
[Round "1"]
[White "Beca95"]
[Black "feuervogel1000000"]
[Result "1-0"]
[WhiteElo "2901"]
[BlackElo "2498"]
[TimeControl "180+1"]
[EndTime "8:06:48 PDT"]
[Termination "Beca95 won on time"]

1. e4 e5 2. Nf3 Nc6 3. Nc3 Nf6 4.
Bb5 Nd4 5. O-O Nxb5 6. Nxb5 c6 7. Nc3 d6 8. d4 Qc7 9. h3 Be7 10. a4 a5 11. Re1 O-O 12. b3 h6 13. Bb2 Be6 14. Qd3 Nh5 15. Ne2 f6 16. g4 Nf4 17.
Nxf4 exf4 18. d5 Bd7 19. Nd4 Rfe8 20. Nf5 Bf8 21. c4 Qb6 22. Kg2 cxd5 23. Qxd5+ Be6 24. Qd3 Bf7 25. f3 Rac8 26. Re2 Qc6 27. h4 g6 28. Nd4 Qb6 29. Nb5 Be7 30. Rd1 Qc5 31. Ba3 Qc6 32.
Qd2 Qb6 33. Qxf4 Red8 34. Bb2 Rf8 35. Qxh6 Rfe8 36. Qf4 Qd8 37. Qe3 Qd7 38. Qd4 Rc6 39. g5 Rd8 40. gxf6 Bf8 41. Qe3 Be6 42. Qg5 Qf7 43.
h5 Kh7 44. Rh1 Bh6 45. hxg6+ Qxg6 46. Qxg6+ Kxg6 47. Kf1 1-0

[Event "Early-Titled-Tuesday-Blitz-October-10-2023"]
[Site "Chess.com"]
[Date "2023.10.10"]
[Round "1"]
[White "Real_taiatai"]
[Black "marcodobrikov"]
[Result "0-1"]
[WhiteElo "2445"]
[BlackElo "2770"]
[TimeControl "180+1"]
[EndTime "8:06:49 PDT"]
[Termination "marcodobrikov won by resignation"]

1. d4 Nf6 2. c4 g6 3. Nc3 Bg7 4. e4 d6 5. h3 O-O 6. Be2 e5 7. d5 a5 8. g4 Na6 9. Be3 Nc5 10. Qc2 c6 11. Nf3 cxd5 12. cxd5 Ne8 13. g5 Bd7 14.
Nd2 Rc8 15. h4 Nc7 16. h5 b5 17. hxg6 fxg6 18. Bxc5 dxc5 19. d6 Ne6 20. Bxb5 Nd4 21. Bc4+ Kh8 22. Qd3 Qxg5 23. O-O-O Rxf2 24. Rdg1 Rg2 25. Rxg2 Qxg2 26. Rf1 Rf8 27. Rxf8+ Bxf8 28. Nb3 Bxd6 29.
Nxa5 Be7 30. Nb3 Bg5+ 31. Kb1 Qg1+ 32. Qd1 Qxd1+ 33. Nxd1 Nxb3 34. Bxb3 h5 35. a4 h4 36. Nf2 Be3 37. Nh1 g5 38. a5 g4 39.
a6 c4 40. Bxc4 g3 41. Bf1 Bc6 42. Bg2 h3 43. Bxh3 Bxe4+ 44. Ka2 Bxh1 45. b4 g2 46. Bxg2 Bxg2 47. Kb3 Bf1 48. Kc3 Bxa6 0-1

[Event "Early-Titled-Tuesday-Blitz-October-10-2023"]
[Site "Chess.com"]
[Date "2023.10.10"]
[Round "1"]
[White "CheckThis4"]
[Black "BashirliSaadat"]
[Result "1-0"]
[WhiteElo "2702"]
[BlackElo "2397"]
[TimeControl "180+1"]
[EndTime "8:06:49 PDT"]
[Termination "CheckThis4 won by checkmate"]

1. e4 c6 2. Nf3 d5 3. Nc3 dxe4 4. Nxe4 Nf6 5. Qe2 e6 6. Nxf6+ Qxf6 7. d4 h6 8. g3 Nd7 9. Bg2 Nb6 10. Bf4 Nd5 11.
Be5 Qd8 12. O-O f6 13. c4 Ne7 14. Bf4 Ng6 15. Nh4 Nxf4 16. gxf4 Kf7 17. d5 cxd5 18. cxd5 exd5 19. Qh5+ Ke6 20. Rfe1+ Kd7 21. Qf7+ Kc6 22. Rac1+ Kb6 23. Ng6 Bb4 24. Nxh8 Bxe1 25. Rxe1 Qxh8 26. Qxd5 Qf8 27. b4 Qxb4 28. Qd8+ Ka6 29. Rc1 Qxf4 30. Rc3 Qb4 31. Bf1+ b5 32. Rc6+ Kb7 33. Qc7# 1-0

[Event "Early-Titled-Tuesday-Blitz-October-10-2023"]
[Site "Chess.com"]
[Date "2023.10.10"]
[Round "1"]
[White "Kielinkei"]
[Black "Grandmaster1369"]
[Result "0-1"]
[WhiteElo "2454"]
[BlackElo "2807"]
[TimeControl "180+1"]
[EndTime "8:06:50 PDT"]
[Termination "Grandmaster1369 won by resignation"]

1. Nf3 c5 2. g3 g6 3. Bg2 Bg7 4. O-O Nc6 5. e4 e6 6. c3 d5 7. exd5 exd5 8. Re1+ Nge7 9. d4 cxd4 10. Nxd4 Nxd4 11.
cxd4 O-O 12. Nc3 Be6 13. Bg5 Re8 14. Bxe7 Rxe7 15. Bxd5 Bxd5 16. Rxe7 Qxe7 17. Nxd5 Qd6 18. Nc3 Qxd4 19. Qxd4 Bxd4 20. Rd1 Bxc3 21. bxc3 Rc8 22. Rd7 Rxc3 23. Rxb7 Ra3 24. Rb2 g5 25. h3 Kg7 26.
Kf1 h5 27. Ke2 Kg6 28. Rc2 f6 29. Rb2 h4 30. gxh4 gxh4 31. f3 Kg5 32. Kf2 Ra4 33.
Rc2 f5 34. Rb2 Kf4 35. Rc2 a5 36. Rb2 Ra3 37. Rc2 Rxf3+ 38. Kg2 Rg3+ 39. Kh2 Ra3 40. Kg2 Ke3 41. Rf2 Ke4 42. Re2+ Re3 43. Rc2 Rg3+ 44. Kh2 Ra3 45. Kg2 f4 46. Re2+ Re3 47.
Rb2 Rg3+ 48. Kh2 Ra3 49. Kg2 Rc3 50. Rd2 a4 51. Rb2 a3 52. Rd2 Ke3 53. Rf2 Ke4 54.
Re2+ Kd3 55. Rf2 Rc2 56. Rxc2 Kxc2 0-1

[Event "Early-Titled-Tuesday-Blitz-October-10-2023"]
[Site "Chess.com"]
[Date "2023.10.10"]
[Round "1"]
[White "Willi_Skibbe"]
[Black "kikoveiga"]
[Result "0-1"]
[WhiteElo "2333"]
[BlackElo "2634"]
[TimeControl "180+1"]
[EndTime "8:06:52 PDT"]
[Termination "kikoveiga won by checkmate"]

1. d4 g6 2. c4 Bg7 3. e4 d6 4. Nc3 c5 5. Nge2 cxd4 6. Nxd4 Nf6 7. Be2 Nc6 8. Be3 O-O 9. O-O Bd7 10. Nc2 Qa5 11.
f3 Rfc8 12. Rb1 a6 13. b4 Qd8 14. Nd5 Nxd5 15. cxd5 Ne5 16. Na3 b5 17. Qb3 a5 18.
Nxb5 Rab8 19. a4 axb4 20. Qxb4 Rc2 21. Rfe1 h5 22. Bf1 h4 23. Rec1 Qc8 24. Nxd6 Rxb4 25. Nxc8 Rxb1 26. Nxe7+ Kf8 27. Nxg6+ fxg6 28. Rxb1 h3 29.
Rb8+ Kf7 30. gxh3 Nxf3+ 31. Kh1 Rxh2# 0-1

[Event "Early-Titled-Tuesday-Blitz-October-10-2023"]
[Site "Chess.com"]
[Date "2023.10.10"]
[Round "1"]
[White "THE_PLAYER6"]
[Black "SmirnovAlexandrA"]
[Result "0-1"]
[WhiteElo "2320"]
[BlackElo "2633"]
[TimeControl "180+1"]
[EndTime "8:06:53 PDT"]
[Termination "SmirnovAlexandrA won by resignation"]

1. d4 Nf6 2. c4 g6 3. Nc3 Bg7 4. e4 d6 5. h3 O-O 6. Be3 c5 7. d5 e6 8. Nf3 exd5 9. exd5 Re8 10. Bd3 Nbd7 11. O-O Ne5 12. Nxe5 Rxe5 13. Qd2 Bf5 14. f4 Rxe3 15. Qxe3 Nxd5 16. Qd2 Nxc3 17. bxc3 Be6 18.
Rad1 Qh4 19. Kh2 Rd8 20. Rf3 Bg4 21. Be2 Bxf3 22. Bxf3 Qf6 23. Bxb7 Qxc3 24. Qxc3 Bxc3 25. Rd3 Bd4 26. Ra3 Rd7 27. Rxa7 Kg7 28. a4 d5 29.
cxd5 c4 30. Ra8 Rxb7 31. Rc8 c3 32. Rc4 Bf6 33. a5 Rb5 34. a6 Rxd5 35. Ra4 Rd8 36. a7 Ra8 37. Ra2 Bd4 0-1

[Event "Early-Titled-Tuesday-Blitz-October-10-2023"]
[Site "Chess.com"]
[Date "2023.10.10"]
[Round "1"]
[White "Zhigalko_Sergei"]
[Black "F-Ghaith2021"]
[Result "1-0"]
[WhiteElo "2951"]
[BlackElo "2505"]
[TimeControl "180+1"]
[EndTime "8:06:54 PDT"]
[Termination "Zhigalko_Sergei won by resignation"]

1. e4 c5 2. Nf3 d6 3. d4 cxd4 4. Qxd4 Nc6 5. Bb5 Bd7 6. Bxc6 bxc6 7. c4 e5 8. Qd3 Nf6 9. Nc3 Be7 10. O-O h6 11. c5 Qc7 12. cxd6 Qxd6 13. Qxd6 Bxd6 14. Rd1 Ke7 15. h3 g5 16. Be3 g4 17. Nd2 gxh3 18. Nc4 Bc7 19. Bc5+ Ke8 20. Nd6+ Bxd6 21. Rxd6 Nh5 22. g3 Rc8 23. Rad1 Be6 24. Kh2 Rg8 25. b3 Nf6 26. f3 h5 27. R1d2 Nh7 28. Bxa7 Ng5 29.
Rf2 Ke7 30. Bc5 Kf6 31. f4 exf4 32. gxf4 Nh7 33. f5 Rg2+ 34. Rxg2 hxg2 35. fxe6 Rg8 36. e7+ Ke5 37. Rd8 1-0

[Event "Early-Titled-Tuesday-Blitz-October-10-2023"]
[Site "Chess.com"]
[Date "2023.10.10"]
[Round "1"]
[White "JiiHart"]
[Black "Savagelittlemole"]
[Result "0-1"]
[WhiteElo "2188"]
[BlackElo "2573"]
[TimeControl "180+1"]
[EndTime "8:06:55 PDT"]
[Termination "Savagelittlemole won on time"]

1. e4 c5 2. c3 g6 3. d4 Bg7 4. Be3 cxd4 5. cxd4 Nf6 6. f3 O-O 7. Nc3 d6 8. Qd2 a6 9. a4 Nc6 10. h4 Rb8 11. h5 Nxh5 12. Nge2 e5 13. d5 Nd4 14. Nxd4 exd4 15. Bxd4 Bxd4 16. Qxd4 Qg5 17.
Qd2 Qg3+ 18. Qf2 Bd7 19. Be2 b5 20. axb5 Bxb5 21. Nxb5 axb5 22. Ra6 Ra8 23. Bxb5 Rxa6 24. Bxa6 Ra8 25. Qxg3 Nxg3 26. Rh3 Rxa6 27. Rxg3 Rb6 28. Ke2 Rxb2+ 29. Ke3 Kf8 30. Kf4 Ke7 31. Kg5 Rb1 32.
Rh3 h5 33. g4 hxg4 34. Kxg4 Kf6 35. Rh7 Rg1+ 36. Kf4 g5+ 37. Ke3 Ra1 38. Kf2 Kg6 39. Rh8 f5 40. exf5+ Kxf5 41. Rd8 Ra6 42. Kg3 Rb6 43.
Rf8+ Kg6 44. Rg8+ Kf6 45. Rf8+ Kg7 0-1

[Event "Early-Titled-Tuesday-Blitz-October-10-2023"]
[Site "Chess.com"]
[Date "2023.10.10"]
[Round "1"]
[White "KnightmareJoker"]
[Black "SlavenPastar"]
[Result "0-1"]
[WhiteElo "2114"]
[BlackElo "2552"]
[TimeControl "180+1"]
[EndTime "8:06:55 PDT"]
[Termination "SlavenPastar won by checkmate"]

1. e4 b6 2. d4 Bb7 3. Bd3 Nf6 4. Qe2 e6 5. Nc3 Bb4 6. Nf3 d5 7. e5 Ne4 8. Bd2 Nxd2 9. Nxd2 c5 10. Bb5+ Bc6 11.
Bxc6+ Nxc6 12. dxc5 Bxc3 13. bxc3 bxc5 14. O-O O-O 15.
Nf3 Qa5 16. Qe3 Rab8 17. Rfc1 Rb2 18. a4 h6 19. g4 Rd8 20. g5 d4 21. cxd4 cxd4 22.
Qe4 Qd5 23. Qxd5 Rxd5 24. gxh6 gxh6 25. Rab1 Rxb1 26. Rxb1 Nxe5 27. Nxe5 Rxe5 28. Rb4 Rd5 29. Kg2 Kg7 30. Kf3 Kg6 31. Ke4 f5+ 32. Kf3 e5 33. Kg3 Rc5 34. Rb7 Rc3+ 35. Kg2 Rxc2 36.
Rxa7 e4 37. Kf1 d3 38. a5 Rc1+ 39. Kg2 d2 40. Ra6+ Kh5 41. Rd6 d1=Q 42. Rxd1 Rxd1 43. a6 f4 44. Kh3 e3 45. a7 exf2 46. a8=Q f1=Q+ 47. Qg2 Rd3# 0-1

[Event "Early-Titled-Tuesday-Blitz-October-10-2023"]
[Site "Chess.com"]
[Date "2023.10.10"]
[Round "1"]
[White "CarlosjPineror"]
[Black "MrTattaglia"]
[Result "0-1"]
[WhiteElo "2501"]
[BlackElo "2906"]
[TimeControl "180+1"]
[EndTime "8:06:57 PDT"]
[Termination "MrTattaglia won by checkmate"]

1. e4 c5 2. Nf3 d6 3. d4 cxd4 4.
Nxd4 Nf6 5. Nc3 a6 6. Bg5 g6 7.
Bc4 Bg7 8. O-O O-O 9. Bb3 Nc6 10. Nxc6 bxc6 11. e5 dxe5 12. Qe2 Nd5 13. Ne4 Qc7 14. Rfd1 a5 15. c4 Nf4 16. Qc2 Bf5 17. f3 a4 18.
Bxa4 Qa7+ 19. Kh1 Bxe4 20. Qxe4 Qxa4 21. Bxe7 Rfe8 22. b3 Qa5 23. Bd6 Qc3 24. Rac1 Qa5 25. g3 Ne6 26. Qxc6 Qxa2 27. Ra1 Qxa1 28. Rxa1 Rxa1+ 29. Kg2 Raa8 30. c5 Ra2+ 31. Kh3 Rea8 32. f4 exf4 33.
gxf4 Rd8 34. b4 Rc2 35. b5 Nxc5 36. Bxc5 Rd3+ 37. Kg4 Bf8 38. Qa8 h5+ 39. Kg5 Rxc5+ 40. Kf6 Rf5# 0-1

[Event "Early-Titled-Tuesday-Blitz-October-10-2023"]
[Site "Chess.com"]
[Date "2023.10.10"]
[Round "1"]
[White "vaniavindy"]
[Black "Pingah9"]
[Result "0-1"]
[WhiteElo "2162"]
[BlackElo "2566"]
[TimeControl "180+1"]
[EndTime "8:06:57 PDT"]
[Termination "Pingah9 won on time"]

1. d4 g6 2. c4 Bg7 3. Nc3 c5 4.
e3 Nf6 5. Nf3 O-O 6. d5 e6 7. e4 exd5 8. exd5 Re8+ 9. Be2 d6 10.
O-O Na6 11. h3 Nc7 12. Bf4 Ne4 13. Nxe4 Rxe4 14. Bg5 Qf8 15. Rb1 h6 16. Be3 Re8 17. Qd2 Bf5 18. Rbc1 Kh7 19. Rfe1 Be4 20. a3 b5 21.
cxb5 Nxd5 22. Nh2 Nxe3 23. fxe3 d5 24. Bf3 Rad8 25. Bxe4 Rxe4 26. Nf3 Qe7 27. Rcd1 Qb7 28. a4 a6 29. bxa6 Qxa6 30. Qc2 Qxa4 31. Qxc5 Qb4 32.
Qxb4 Rxb4 33. e4 d4 34. e5 Bf8 0-1

[Event "Early-Titled-Tuesday-Blitz-October-10-2023"]
[Site "Chess.com"]
[Date "2023.10.10"]
[Round "1"]
[White "Harry_Rakkel"]
[Black "MAGMAchess02"]
[Result "1-0"]
[WhiteElo "2649"]
[BlackElo "2364"]
[TimeControl "180+1"]
[EndTime "8:06:58 PDT"]
[Termination "Harry_Rakkel won on time"]

1. e4 g6 2. d4 Bg7 3. Nc3 c6 4. Be3 d5 5. f3 dxe4 6. fxe4 e5 7. Nf3 exd4 8. Bxd4 Bxd4 9. Qxd4 Qxd4 10. Nxd4 Nd7 11. O-O-O Ne5 12. Nf3 f6 13. Nxe5 fxe5 14. Bc4 Ke7 15.
Rhf1 Nf6 16. h3 Be6 17. Bxe6 Kxe6 18. Rf3 Rhf8 19. Rfd3 Ke7 20. a4 Rad8 21. a5 Rxd3 22. Rxd3 Nh5 23. Na4 Rf1+ 24. Kd2 Rf2+ 25. Kd1 Nf4 26.
Rb3 Nxg2 27. Rxb7+ Kd6 28. Rxa7 Ne3+ 29. Kc1 Rxc2+ 30.
Kb1 Rc4 31. Nb6 Rb4 32. Rd7+ Kc5 33. Rd3 Ng2 34. Ra3 Rxb6 35. Rc3+ Kb5 36. axb6 Kxb6 37. Kc2 Nf4 38. Kd2 h5 39. Rg3 c5 40. h4 1-0

[Event "Early-Titled-Tuesday-Blitz-October-10-2023"]
[Site "Chess.com"]
[Date "2023.10.10"]
[Round "1"]
[White "Goi_Manne"]
[Black "MKlose11"]
[Result "0-1"]
[WhiteElo "2295"]
[BlackElo "2607"]
[TimeControl "180+1"]
[EndTime "8:06:58 PDT"]
[Termination "MKlose11 won by resignation"]

1. e4 e6 2. b3 d5 3. Bb2 dxe4 4. Nc3 Nf6 5. Qe2 Nbd7 6. O-O-O Be7 7. Nxe4 Nxe4 8.
Qxe4 Nf6 9. Qe3 O-O 10. h4 a5 11.
h5 h6 12. a4 c6 13. g4 Nxg4 14. Qg3 f5 15. f3 Nf6 16. Ne2 b5 17. Rg1 Rf7 18.
axb5 a4 19. bxa4 cxb5 20. axb5 Ba3 21. Qe5 Qa5 22. Bg2 Rb7 23. Bh1 Bxb2+ 24. Qxb2 Rxb5 25. Qxb5 Qxb5 26. d3 Qb4 27. c3 Qb3 28. Kd2 Ra2+ 29. Ke3 Nd5+ 30. Kf2 Nxc3 31. Rde1 Nxe2 32. Rxe2 Qb6+ 33.
Kf1 Rxe2 0-1

[Event "Early-Titled-Tuesday-Blitz-October-10-2023"]
[Site "Chess.com"]
[Date "2023.10.10"]
[Round "1"]
[White "seopie"]
[Black "Cambek64"]
[Result "1-0"]
[WhiteElo "2766"]
[BlackElo "2440"]
[TimeControl "180+1"]
[EndTime "8:06:59 PDT"]
[Termination "seopie won by resignation"]

1. g3 d5 2. Bg2 Nf6 3. Nf3 Bg4 4. c4 c6 5. Ne5 Bc8 6. O-O e6 7. d4 Be7 8. Nc3 O-O 9. e4 dxe4 10. Nxe4 Nbd7 11. Bf4 Nxe5 12. dxe5 Nxe4 13. Bxe4 Qc7 14. h4 Bd7 15. Qh5 g6 16. Qg4 h5 17. Qe2 Kg7 18. Qe3 Rh8 19. c5 Rad8 20. Rfd1 Bc8 21. Rd6 Bxd6 22.
exd6 Qd7 23. Qc3+ f6 24. b4 Rhe8 25. Re1 e5 26. Bc1 Qf7 27. Qe3 Rh8 28. a3 Bf5 29.
Bg2 Rde8 30. Bb2 Be6 31. f4 exf4 32. Qxf4 Bf5 33. Rf1 Re2 34. Qd4 Rhe8 35. Bc3 R8e3 36. Rf3 Qe6 37. Rxe3 Qxe3+ 38. Qxe3 Rxe3 39. Bd4 Rxa3 40. b5 Bd7 41. bxc6 Bxc6 42. Bxc6 bxc6 43. d7 1-0

[Event "Early-Titled-Tuesday-Blitz-October-10-2023"]
[Site "Chess.com"]
[Date "2023.10.10"]
[Round "1"]
[White "TheoSlade"]
[Black "BlueWizzard"]
[Result "1/2-1/2"]
[WhiteElo "2510"]
[BlackElo "2916"]
[TimeControl "180+1"]
[EndTime "8:07:00 PDT"]
[Termination "Game drawn by repetition"]

1. d4 g6 2. c4 Bg7 3. e4 Nc6 4. Be3 e6 5. Nc3 Nge7 6. Nf3 d5 7. cxd5 exd5 8. e5 Bg4 9. Be2 Nf5 10. h3 Bxf3 11.
Bxf3 Nxe3 12. fxe3 Qh4+ 13. Ke2 O-O-O 14. Qe1 Qe7 15.
Nxd5 Qe6 16. Bg4 Nxd4+ 17. exd4 f5 18. Bf3 Rxd5 19. Bxd5 Qxd5 20. Qf2 Qe4+ 21. Kf1 Rd8 22. Rd1 Bxe5 23. Qe2 Qf4+ 24. Qf2 Qg5 25. h4 Qf6 26. dxe5 Qa6+ 27. Ke1 Qa5+ 28. Rd2 Qxe5+ 29. Kd1 Rxd2+ 30. Qxd2 Qe4 31. Re1 Qb1+ 32. Ke2 Qxa2 33. Kf2 Qa4 34. Kg1 b6 35. Qe2 Qxh4 36. Qa6+ Kd7 37. Rd1+ Kc6 38. Rc1+ Kd7 39. Qxa7 Qd4+ 40. Kh1 Qh4+ 41. Kg1 Qd4+ 42.
Kh1 Qh4+ 43. Kg1 1/2-1/2

[Event "Early-Titled-Tuesday-Blitz-October-10-2023"]
[Site "Chess.com"]
[Date "2023.10.10"]
[Round "1"]
[White "Abund"]
[Black "andrzej"]
[Result "1-0"]
[WhiteElo "2788"]
[BlackElo "2450"]
[TimeControl "180+1"]
[EndTime "8:07:02 PDT"]
[Termination "Abund won on time"]

1. c4 e6 2. g3 d5 3. Bg2 Nf6 4. Nf3 dxc4 5. Qa4+ Bd7 6. Qxc4 c5 7. Ne5 Qc8 8. O-O Nc6 9. Nxd7 Qxd7 10. b3 Be7 11. Bb2 O-O 12. d3 Rac8 13. Nd2 Rfd8 14. Rfe1 h5 15.
Rad1 Nd4 16. Qc1 h4 17. Nf3 Nxf3+ 18. Bxf3 hxg3 19. hxg3 Qc7 20. Kg2 Nd5 21. Rh1 Bf6 22. Bxf6 Nxf6 23. Qg5 Rd4 24. Rh3 Kf8 25. Rh8+ Ke7 26.
Qxg7 Rxh8 27. Qxh8 Rd8 28. Qh4 Qe5 29. Rc1 Rd4 30. Qh6 b6 31. Rh1 a5 32. Qg7 Nd7 33.
Qg8 Qf6 34. Rh8 Ne5 35. Qf8+ Kd7 36. Qc8+ Kd6 37. Rd8+ Ke7 38. Re8+ Kd6 39. Rd8+ Ke7 40. Qc7+ Nd7 41. Bc6 Qe5 42. Rxd7+ Kf6 43. Rxf7+ 1-0

[Event "Early-Titled-Tuesday-Blitz-October-10-2023"]
[Site "Chess.com"]
[Date "2023.10.10"]
[Round "1"]
[White "GothamChess"]
[Black "GiorgianBarbosa"]
[Result "1-0"]
[WhiteElo "2722"]
[BlackElo "2413"]
[TimeControl "180+1"]
[EndTime "8:07:02 PDT"]
[Termination "GothamChess won by checkmate"]

1. e4 c5 2. Nc3 g6 3. d4 cxd4 4. Qxd4 Nf6 5. Nf3 Nc6 6. Qd3 d6 7. Nd5 Bg7 8. c3 O-O 9. Bg5 Ne5 10. Nxe5 dxe5 11. O-O-O Be6 12. c4 Rc8 13. Kb1 h6 14.
Bxf6 exf6 15. Be2 f5 16. f3 fxe4 17. fxe4 Kh7 18. Qe3 Qg5 19. Qf2 f5 20. h4 fxe4 21.
Qxf8 Qxg2 22. Nf6+ Bxf6 23. Qxf6 Bf5 24. Rhg1 Qxe2 25.
Rd7+ Kg8 26. Rg7+ Kh8 27. R7xg6+ Kh7 28. Rg7+ Kh8 29. Qxh6+ Bh7 30. Rg8+ Rxg8 31. Qf6+ Rg7 32. Qxg7# 1-0

[Event "Early-Titled-Tuesday-Blitz-October-10-2023"]
[Site "Chess.com"]
[Date "2023.10.10"]
[Round "1"]
[White "ArtemDyachuk"]
[Black "ajedrezhoy"]
[Result "1-0"]
[WhiteElo "2665"]
[BlackElo "2372"]
[TimeControl "180+1"]
[EndTime "8:07:02 PDT"]
[Termination "ArtemDyachuk won by resignation"]

1. e4 Nf6 2. e5 Nd5 3. d4 d6 4. c4 Nb6 5. f4 dxe5 6. fxe5 Bf5 7. Nf3 e6 8. Nc3 Bb4 9. Bd3 c5 10. Bg5 Qd7 11. Bxf5 cxd4 12. Nxd4 exf5 13. Nxf5 Nc6 14. Nxg7+ Kf8 15. Bf6 Bxc3+ 16. bxc3 Qxd1+ 17. Rxd1 Rg8 18. Nf5 Rxg2 19. Rd3 Nxc4 20. Rg3 Rxg3 21. hxg3 N4xe5 22. Rxh7 Ng6 23. Nd6 Kg8 24. Rg7+ Kf8 25. Rxf7+ Kg8 26. Rg7+ Kf8 27. Rxg6 Ne7 28. Bxe7+ Kxe7 29. Nxb7 Rc8 30. Kd2 Rc4 31. Kd3 Ra4 32. Nc5 Rxa2 33. Ra6 Rg2 34. Rxa7+ Kd6 35. Ne4+ Ke5 36. Ra5+ Ke6 37. Kd4 Rg1 38.
Re5+ Kd7 39. c4 Rd1+ 40. Kc5 Rg1 41. Nf6+ 1-0